Map: Moebius Facility XX-1

Players

exgrin

  • Race: Protoss Protoss
  • Spawn Location: 5:00

limon

  • Race: Protoss Protoss
  • Spawn Location: 6:00

BigMac

  • Race: Zerg Zerg
  • League: Diamond
  • Spawn Location: 1:00

Gradus

  • Race: Terran Terran
  • Spawn Location: 12:00

Rugi

  • Race: Terran Terran
  • League: Diamond
  • Spawn Location: 6:00

dallaskuken

  • Race: Protoss Protoss
  • League: Platinum
  • Spawn Location: 11:00

Loken

  • Race: Zerg Zerg
  • Spawn Location: 12:00

Myran

  • Race: Protoss Protoss
  • Spawn Location: 7:00

VOD

Have the link to the VOD?

Description

Time

  • Played on: March 11, 2017, 5:44 p.m.
  • Length: 12:10
Show
View Real Time Build Order
Export as new Build Order

exgrin Protoss 

Build Orders:  

Get SALT Encoding   

  12  0:01  Probe (Chrono Boost)  
  13  0:11  Probe (Chrono Boost)  
  14  0:20  Pylon  
  14  0:22  Probe (Chrono Boost)  
  15  0:38  Probe (Chrono Boost)  
  15  0:42  Gateway  
  16  0:52  Gateway  
  16  1:04  Gateway  
  16  1:09  Assimilator, Probe (Chrono Boost)  
  17  1:28  Probe (Chrono Boost)  
  18  1:40  Zealot  
  18  1:41  Cybernetics Core, Zealot  
  22  1:49  Pylon  
  22  1:58  Pylon  
  22  2:00  Probe (Chrono Boost)  
  23  2:04  Zealot  
  25  2:17  Warp Gate  
  25  2:18  Adept  
  27  2:27  Adept  
  27  2:29  Adept  
  31  2:52  Stalker  
  31  2:54  Adept  
  31  2:56  Adept  
  37  3:21  Adept  
  37  3:26  Pylon  
  39  3:31  Assimilator  
  39  3:40  Zealot  
  39  3:44  Adept  
  43  3:59  Stalker  
  45  4:04  Stalker  
  47  4:27  Pylon  
  47  4:29  Pylon  
  47  4:37  Robotics Facility  
  47  4:45  Zealot  
  50  4:46  Probe (Chrono Boost)  
  48  4:58  Probe (Chrono Boost)  
  47  5:11  Probe (Chrono Boost)  
  48  5:20  Nexus  
  49  5:21  Pylon  
  49  5:23  Probe (Chrono Boost)  
  49  5:35  Probe (Chrono Boost)  
  50  5:49  Observer  
  50  5:52  Probe (Chrono Boost)  
  53  6:04  Probe (Chrono Boost)  
  53  6:05  Warp Prism  
  55  6:16  Probe (Chrono Boost)  
  56  6:30  Adept  
  56  6:31  Adept x2  
  62  6:51  Immortal  
  66  7:02  Gateway x2  
  66  7:05  Gateway  
  66  7:06  Gateway  
  66  7:09  Stalker x2  
  48  7:43  Zealot x3  
  54  8:01  Immortal  
  53  8:13  Probe (Chrono Boost)  
  53  8:21  Assimilator  
  53  8:23  Probe (Chrono Boost)  
  53  8:24  Assimilator  
  54  8:29  Pylon  
  54  8:32  Pylon  
  54  8:34  Probe (Chrono Boost)  
  55  8:35  Pylon  
  55  8:37  Pylon  
  55  8:44  Probe (Chrono Boost)  
  56  8:48  Adept x2  
  56  8:49  Adept x3  
  56  8:50  Adept  
  56  8:52  Warp Prism  
  56  8:55  Probe (Chrono Boost)  
  57  9:10  Probe (Chrono Boost)  
  58  9:20  Probe (Chrono Boost)  
  58  9:21  Twilight Council  
  58  9:23  Forge  
  59  9:27  Forge  
  59  9:29  Pylon  
  60  9:31  Probe (Chrono Boost)  
  60  9:34  Pylon  
  60  9:41  Probe (Chrono Boost)  
  61  9:57  Adept x4  
  61  9:58  Adept x2  
  61  9:59  Adept  
  61  10:09  Protoss Ground Weapons Level 1  
  59  10:15  Charge  
  59  10:21  Robotics Bay  
  59  10:27  Templar Archives  
  59  10:33  Probe (Chrono Boost)  
  60  10:42  Pylon  
  60  10:45  Probe (Chrono Boost)  
  61  10:51  Gateway  
  61  10:55  Adept  
  61  10:56  Adept x4  
  51  11:18  Stalker x2  
  51  11:19  Stalker x2  
  39  11:43  Adept  
  39  11:44  Adept x2  
  39  11:45  Adept x3  
  39  11:47  Adept  
  51  12:07  Stalker x4  
Show
View Real Time Build Order
Export as new Build Order

limon Protoss 

Build Orders:  

Get SALT Encoding   

  12  0:01  Probe (Chrono Boost)  
  13  0:11  Probe (Chrono Boost)  
  14  0:18  Pylon  
  14  0:22  Probe (Chrono Boost)  
  15  0:37  Probe (Chrono Boost)  
  15  0:41  Gateway  
  16  0:47  Probe (Chrono Boost)  
  17  0:58  Probe (Chrono Boost)  
  18  1:08  Probe (Chrono Boost)  
  18  1:09  Gateway  
  19  1:19  Probe (Chrono Boost)  
  20  1:28  Gateway  
  20  1:29  Zealot, Probe (Chrono Boost)  
  23  1:46  Pylon  
  23  2:04  Cybernetics Core  
  23  2:05  Zealot x2, Probe (Chrono Boost), Assimilator  
  28  2:18  Zealot  
  30  2:24  Probe (Chrono Boost)  
  30  2:34  Probe (Chrono Boost)  
  30  2:55  Probe (Chrono Boost)  
  31  3:05  Probe (Chrono Boost)  
  31  3:06  Pylon  
  30  3:21  Zealot  
  30  3:24  Zealot x2  
  30  3:25  Mothership Core (Chrono Boost)  
  32  3:43  Probe (Chrono Boost)  
  33  3:53  Probe (Chrono Boost)  
  33  3:54  Warp Gate  
  32  3:59  Pylon  
  30  4:04  Forge  
  30  4:05  Probe (Chrono Boost)  
  30  4:07  Assimilator  
  32  4:17  Probe (Chrono Boost)  
  32  4:29  Probe (Chrono Boost)  
  31  4:41  Probe (Chrono Boost)  
  32  4:48  Nexus  
  32  4:56  Photon Cannon  
  32  4:58  Pylon  
  32  5:08  Stalker  
  32  5:09  Stalker  
  32  5:10  Stalker  
  39  5:15  Probe (Chrono Boost)  
  39  5:29  Twilight Council  
  39  5:36  Protoss Ground Weapons Level 1  
  39  5:50  Blink  
  39  5:59  Photon Cannon  
  39  6:02  Photon Cannon  
  39  6:13  Probe (Chrono Boost)  
  39  6:15  Probe (Chrono Boost)  
  41  6:23  Stalker  
  44  6:27  Probe (Chrono Boost)  
  44  6:31  Stalker x2  
  44  6:44  Pylon  
  44  6:47  Stalker  
  44  6:58  Stalker  
  44  6:59  Stalker  
  48  7:16  Stalker  
  48  7:28  Probe x2 (Chrono Boost)  
  50  7:38  Probe (Chrono Boost)  
  50  7:40  Probe (Chrono Boost)  
  52  7:49  Protoss Ground Armor Level 1, Probe (Chrono Boost)  
  54  7:52  Probe (Chrono Boost)  
  54  7:54  Templar Archives  
  54  8:05  Pylon  
  56  8:27  Probe (Chrono Boost)  
  56  8:28  Probe (Chrono Boost)  
  56  8:29  Pylon  
  56  8:40  Probe (Chrono Boost)  
  57  8:43  Psionic Storm  
  57  8:53  Probe (Chrono Boost)  
  57  8:54  Probe (Chrono Boost)  
  59  9:04  Assimilator  
  59  9:06  Assimilator  
  59  9:07  Photon Cannon  
  59  9:10  Nexus  
  59  9:13  Assimilator  
  59  9:15  Assimilator  
  55  9:18  Pylon  
  55  9:21  Pylon  
  55  9:25  Pylon, Probe (Chrono Boost)  
  55  9:27  Probe (Chrono Boost)  
  58  9:38  Gateway  
  58  9:39  Gateway, Probe (Chrono Boost)  
  58  9:41  Gateway  
  58  9:43  Gateway  
  58  10:05  Probe (Chrono Boost)  
  58  10:06  Probe (Chrono Boost)  
  60  10:16  High Templar x2  
  60  10:17  High Templar  
  60  10:18  Probe (Chrono Boost)  
  67  10:30  Nexus  
  67  10:31  Forge  
  67  10:32  Assimilator  
  67  10:36  Assimilator  
  67  10:40  Pylon  
  67  10:43  Pylon  
  67  10:50  Pylon  
  67  10:54  Stalker x4  
  75  11:05  Stalker  
  75  11:06  Stalker  
  64  11:23  Stalker x2  
  43  11:49  Stalker x4  
  43  11:50  Stalker  
  43  11:52  Stalker  
  43  11:54  Zealot  
Show
View Real Time Build Order
Export as new Build Order

BigMac Zerg 

Build Orders: Pool First, Muta Ling Bane 

Get SALT Encoding   

  12  0:01  Drone  
  13  0:12  Overlord  
  13  0:21  Drone  
  14  0:32  Drone x2  
  16  0:37  Drone  
  17  0:45  Extractor  
  17  0:47  Spawning Pool  
  15  0:50  Drone  
  16  1:13  Hatchery  
  15  1:19  Drone  
  16  1:38  Zergling x6  
  19  1:42  Queen  
  21  1:54  Metabolic Boost  
  21  2:06  Overlord  
  21  2:26  Zergling x8  
  21  2:28  Queen  
  27  2:38  Overlord  
  27  2:42  Drone  
  27  3:00  Drone  
  27  3:01  Overlord  
  27  3:03  Zergling x8  
  31  3:11  Zergling x4  
  32  3:21  Zergling x4  
  32  3:26  Baneling Nest  
  33  3:38  Zergling x8  
  33  3:39  Zergling x2  
  35  3:48  Zergling x4  
  35  3:53  Zergling x2  
  35  3:54  Zergling x2  
  37  4:02  Zergling x4  
  38  4:06  Zergling x4  
  37  4:23  Spore Crawler  
  36  4:24  Drone x2  
  35  4:32  Drone x2, Spore Crawler  
  31  4:47  Zergling x2  
  31  4:48  Zergling x8  
  31  4:49  Zergling x2  
  35  5:05  Drone x4  
  39  5:07  Drone  
  40  5:22  Drone x2  
  40  5:23  Lair  
  42  5:40  Zergling x2, Overlord x2  
  43  5:55  Overlord, Roach Warren  
  42  6:13  Drone x3  
  42  6:15  Drone x7, Extractor  
  45  6:19  Extractor  
  41  6:27  Zergling x4  
  41  6:30  Baneling x3  
  41  6:31  Zergling x8  
  47  6:37  Centrifical Hooks  
  47  6:48  Zergling x4  
  47  6:52  Baneling, Zergling x2  
  47  6:53  Zergling x10  
  55  6:58  Zergling x4  
  56  7:10  Baneling x2, Zergling x4  
  56  7:11  Baneling x3  
  56  7:19  Zergling x6  
  56  7:22  Zergling x8  
  54  7:30  Zergling x2  
  55  7:40  Evolution Chamber  
  55  7:43  Evolution Chamber  
  53  7:45  Drone x3  
  53  7:46  Drone  
  53  7:50  Spire  
  56  7:52  Baneling  
  56  7:53  Baneling x6  
  56  8:11  Drone x3  
  59  8:13  Zerg Melee Weapons Level 1, Zerg Ground Armor Level 1  
  57  8:20  Drone x3, Extractor  
  46  8:42  Zergling x4  
  46  8:43  Zergling x2  
  46  8:44  Zergling x6  
  46  8:48  Hatchery  
  50  8:56  Zergling x6  
  50  8:59  Zergling x4  
  54  9:16  Baneling x3, Zergling x2  
  54  9:17  Zergling x2  
  56  9:19  Zergling x2  
  56  9:20  Zergling x6  
  60  9:27  Zergling x2  
  61  9:32  Overlord  
  61  9:33  Overlord  
  61  9:44  Zerg Flyer Weapons Level 1  
  61  9:45  Overlord  
  61  9:48  Drone  
  61  9:51  Drone x2  
  64  9:53  Mutalisk  
  64  9:56  Mutalisk x2  
  64  9:57  Mutalisk  
  64  9:59  Queen  
  72  10:00  Mutalisk  
  72  10:01  Mutalisk  
  72  10:02  Mutalisk  
  72  10:03  Mutalisk  
  82  10:08  Drone x2  
  84  10:15  Baneling x5  
  84  10:19  Drone  
  85  10:40  Drone x4  
  85  10:41  Drone x2, Overlord  
  85  10:42  Extractor  
  90  10:47  Extractor  
  90  10:48  Zergling x2  
  90  10:49  Zergling x10  
  91  11:04  Zergling x10  
  89  11:07  Zergling x2  
  89  11:08  Zergling x6  
  92  11:12  Zergling x2  
  92  11:18  Baneling x6  
  88  11:19  Baneling  
  88  11:23  Drone x2  
  90  11:27  Zergling x6  
  93  11:34  Zergling x2  
  93  11:38  Zergling x4  
  94  11:49  Zergling x6  
  94  11:51  Baneling x2  
  94  11:52  Baneling x4  
Show
View Real Time Build Order
Export as new Build Order

Gradus Terran 

Build Orders: Hellion Opening 

Get SALT Encoding   

  12  0:00  SCV  
  13  0:15  Supply Depot  
  13  0:23  Refinery  
  13  0:24  SCV  
  14  0:40  Barracks  
  14  0:49  Refinery  
  14  0:52  SCV  
  15  1:05  SCV  
  16  1:31  Barracks Reactor  
  16  1:34  Factory  
  16  1:41  Orbital Command  
  16  2:15  Barracks Tech Lab  
  16  2:18  Supply Depot  
  16  2:28  Factory, Hellion x2  
  20  2:32  SCV  
  21  2:49  Hellion x2  
  25  3:14  Hellion  
  25  3:15  Hellion  
  29  3:35  Engineering Bay  
  29  4:26  Starport  
  29  4:29  Missile Turret  
  29  4:35  Missile Turret  
  29  4:40  Supply Depot  
  29  4:52  SCV  
  30  5:04  SCV  
  30  5:06  Starport Reactor  
  31  5:21  Widow Mine  
  33  5:36  Command Center  
  33  5:38  Refinery  
  33  5:48  Viking x2  
  37  5:50  Widow Mine  
  39  5:57  Cyclone x2  
  45  6:23  Supply Depot  
  45  6:24  Supply Depot  
  45  6:25  Supply Depot  
  44  6:44  Viking x2  
  44  7:51  Cyclone x2  
  50  7:55  Hellion  
  52  8:17  Hellion  
  54  8:23  Hellion x2  
  45  8:38  Hellion  
  47  9:01  Viking x2  
  51  9:03  Cyclone x2  
  51  9:04  Hellion  
  59  9:26  Hellion  
  61  9:35  Hellion x2  
  65  9:47  Hellion  
  65  9:49  Supply Depot  
  65  9:51  Supply Depot  
  67  9:57  Hellion  
  65  10:38  Viking x2  
Show
View Real Time Build Order
Export as new Build Order

Rugi Terran 

Build Orders: Reaper Expand, MMM Bio 

Get SALT Encoding   

  12  0:01  SCV  
  13  0:13  SCV  
  14  0:18  Supply Depot  
  14  0:25  SCV  
  15  0:40  SCV  
  15  0:41  Barracks  
  16  0:44  Refinery  
  16  0:52  SCV  
  17  1:04  SCV  
  18  1:16  SCV  
  19  1:30  Orbital Command, Reaper  
  20  1:34  Supply Depot  
  20  1:56  SCV  
  20  1:59  Command Center  
  21  2:09  Barracks Reactor  
  21  2:12  SCV  
  22  2:17  Barracks  
  22  2:25  SCV  
  24  2:37  SCV  
  24  2:42  Factory  
  24  2:44  Refinery  
  24  2:49  SCV  
  25  3:01  SCV, Marine  
  25  3:02  Marine  
  25  3:04  Barracks Tech Lab  
  28  3:10  Supply Depot  
  28  3:13  SCV  
  28  3:19  Marine  
  30  3:25  SCV  
  31  3:31  Marine  
  31  3:32  Marine  
  31  3:33  Stimpack  
  33  3:39  Starport  
  32  3:41  SCV  
  32  3:46  Orbital Command  
  33  3:51  Factory Reactor  
  33  3:52  Marine  
  33  3:53  Marine x2  
  36  4:12  SCV  
  37  4:18  Marine x2  
  37  4:19  Barracks x2  
  39  4:24  Marine  
  39  4:35  Medivac x2  
  39  4:36  Marine  
  39  4:37  Marine  
  45  4:42  Marine  
  45  4:54  SCV  
  45  4:55  Widow Mine  
  45  4:57  SCV  
  45  4:59  Liberator  
  43  5:02  Marine x3, Supply Depot  
  43  5:06  Barracks Reactor, SCV  
  43  5:07  Barracks Reactor  
  47  5:18  SCV  
  47  5:20  Marine  
  52  5:23  Marine  
  52  5:25  Marauder  
  52  5:26  SCV  
  56  5:32  Widow Mine  
  56  5:33  SCV  
  59  5:37  Engineering Bay  
  59  5:40  SCV  
  59  5:41  Marine  
  59  5:42  Marine x4, Supply Depot  
  63  5:43  Marine  
  66  5:55  Combat Shields  
  66  5:56  Marine  
  68  5:57  SCV x2  
  68  5:59  Marine  
  68  6:04  Marine x5  
  73  6:06  Liberator  
  78  6:28  Supply Depot  
  78  6:29  SCV x2, Marine x5  
  78  6:30  Marine  
  86  6:34  Supply Depot  
  86  6:50  Marine  
  87  6:55  Marine x4  
  87  6:56  Marine x2  
  87  6:57  SCV  
  95  7:08  Marauder  
  95  7:13  Marine x3  
  91  7:20  Marine x3  
  78  7:29  Marauder  
  73  7:31  Marine x3  
  73  7:38  Marine x3  
  73  7:43  SCV  
  77  7:49  Barracks x2, Marine x3  
  77  7:51  Marauder  
  80  7:55  Marine  
  77  8:04  Marine x2  
  77  8:06  Marine  
  77  8:12  Marauder  
  80  8:14  Marine x3  
  79  8:34  Marauder  
  63  8:42  Liberator x2  
  63  8:43  Marine x2  
  63  8:44  Marine x4  
  59  8:50  Marine x2  
  59  8:55  Marauder  
  62  9:01  Marine x3  
  62  9:02  Marine x2  
  70  9:03  Marine  
  70  9:07  Marine  
  74  9:16  Marauder  
  66  9:20  Marine x3  
  66  9:21  Marine  
  66  9:24  Marine x3  
  64  9:25  Marine  
  64  9:28  Widow Mine  
  70  9:32  Concussive Shells  
  70  9:34  Terran Infantry Weapons Level 1  
  70  9:37  Refinery x2  
  70  9:38  Marauder  
  72  9:39  Marine x2  
  72  9:41  Command Center  
  72  9:42  Marine, Medivac x2  
  81  9:49  Barracks Reactor x2  
  79  9:57  Marine  
  79  9:58  Starport  
  79  9:59  Marauder  
  82  10:04  Barracks Tech Lab  
  82  10:05  Marine x3  
  84  10:12  Medivac  
  86  10:15  Marine  
  86  10:21  Marauder  
  89  10:23  Marine x3  
  89  10:28  Liberator x2  
  92  10:38  Marauder, Marine x5  
  92  10:40  Medivac  
  101  10:44  Supply Depot  
  101  10:46  Marauder, Supply Depot  
  109  10:50  Command Center  
  96  11:07  Marauder  
  96  11:09  Marine  
  96  11:10  Marauder, Marine x4  
  96  11:11  Marine  
  99  11:16  Missile Turret  
  78  11:20  Missile Turret  
  78  11:25  Marine  
  75  11:28  Marauder  
  75  11:31  Marauder  
  71  11:34  Marine  
  59  11:42  Marine  
Show
View Real Time Build Order
Export as new Build Order

dallaskuken Protoss 

Build Orders: Oracle Opening 

Get SALT Encoding   

  12  0:02  Probe (Chrono Boost)  
  13  0:13  Probe (Chrono Boost)  
  14  0:26  Pylon  
  14  0:34  Probe (Chrono Boost)  
  15  0:45  Probe (Chrono Boost)  
  16  0:52  Gateway  
  16  0:55  Probe (Chrono Boost)  
  17  1:01  Assimilator  
  17  1:06  Probe (Chrono Boost)  
  18  1:12  Assimilator  
  18  1:16  Probe (Chrono Boost)  
  19  1:27  Probe (Chrono Boost)  
  20  1:37  Probe (Chrono Boost)  
  21  1:49  Cybernetics Core  
  21  1:54  Pylon  
  21  1:59  Probe (Chrono Boost)  
  22  2:22  Probe (Chrono Boost)  
  23  2:25  Gateway  
  23  2:29  Stalker  
  25  2:30  Nexus  
  25  2:34  Pylon  
  25  2:49  Probe (Chrono Boost)  
  25  2:51  Pylon  
  26  2:53  Pylon  
  26  3:02  Stargate  
  26  3:11  Stalker  
  28  3:13  Stalker  
  30  3:41  Oracle  
  3  4:47  Probe (Chrono Boost)  
  5  5:00  Probe (Chrono Boost)  
  5  5:12  Probe (Chrono Boost)  
  6  5:24  Probe (Chrono Boost)  
  5  5:36  Probe (Chrono Boost)  
Show
View Real Time Build Order
Export as new Build Order

Loken Zerg 

Build Orders: Pool First 

Get SALT Encoding   

  12  0:22  Spawning Pool, Drone  
  12  0:27  Drone  
  13  0:32  Drone  
  14  0:41  Overlord  
  14  1:03  Drone x2  
  16  1:08  Queen  
  18  1:11  Zergling x2  
  19  1:28  Zergling x4  
  21  1:51  Overlord  
  21  1:52  Overlord  
  21  2:10  Zergling x2  
  22  2:19  Zergling x2  
  22  2:20  Zergling x6  
  26  2:24  Extractor  
  26  2:28  Zergling x2  
  25  2:56  Drone  
  25  2:57  Drone x4  
  22  3:20  Extractor  
  21  3:34  Spine Crawler  
  21  3:35  Spine Crawler  
  21  3:39  Zergling x10  
  3  4:31  Hatchery  
  2  4:36  Drone  
  2  4:37  Drone x3  
  1  5:44  Drone  
  2  5:55  Drone  
  3  6:06  Drone  
  4  6:15  Drone  
  5  6:26  Drone  
  6  6:39  Drone  
  7  6:49  Drone  
  8  7:08  Drone  
  9  7:26  Drone  
  9  7:27  Drone  
  11  7:39  Drone  
  11  7:43  Drone  
  13  7:51  Drone  
  14  8:03  Drone  
Show
View Real Time Build Order
Export as new Build Order

Myran Protoss 

Build Orders:  

Get SALT Encoding   

  12  0:02  Probe (Chrono Boost)  
  13  0:12  Probe (Chrono Boost)  
  14  0:26  Probe (Chrono Boost)  
  15  0:42  Pylon  
  15  1:05  Pylon  
  15  1:12  Probe (Chrono Boost)  
  16  1:22  Probe (Chrono Boost)  
  17  1:39  Forge  
  17  1:45  Pylon  
  17  1:49  Gateway  
  17  1:58  Nexus  
  17  2:16  Probe (Chrono Boost)  
  17  2:20  Assimilator  
  18  2:25  Assimilator  
  18  2:27  Probe (Chrono Boost)  
  19  2:37  Probe (Chrono Boost)  
  20  2:44  Cybernetics Core  
  20  2:49  Gateway  
  20  2:51  Gateway  
  20  2:55  Photon Cannon  
  20  2:56  Pylon  
  20  3:04  Probe (Chrono Boost)  
  21  3:18  Probe (Chrono Boost)  
  23  3:27  Probe (Chrono Boost)  
  23  3:28  Probe (Chrono Boost)  
  24  3:35  Stalker  
  24  3:37  Probe (Chrono Boost)  
  24  3:40  Stalker  
  29  3:42  Warp Gate  
  29  3:45  Probe (Chrono Boost)  
  29  3:48  Probe (Chrono Boost)  
  31  3:58  Probe (Chrono Boost)  
  31  4:02  Probe (Chrono Boost)  
  33  4:09  Probe (Chrono Boost)  
  34  4:13  Probe (Chrono Boost)  
  35  4:20  Probe (Chrono Boost)  
  35  4:22  Zealot x3  
  35  4:23  Probe (Chrono Boost)  
  43  4:35  Pylon  
  43  4:38  Pylon  
  43  4:41  Gateway x2  
  39  4:55  Stalker x2  
  39  4:56  Stalker  
  39  4:59  Protoss Ground Weapons Level 1  
  45  5:04  Probe (Chrono Boost)  
  46  5:10  Assimilator  
  46  5:12  Assimilator  
  46  5:15  Probe (Chrono Boost)  
  46  5:17  Pylon  
  46  5:20  Probe (Chrono Boost)  
  48  5:25  Probe (Chrono Boost)  
  48  5:27  Stalker x2  
  53  5:36  Probe (Chrono Boost)  
  54  5:50  Stalker x2  
  54  5:51  Stalker  
  60  6:02  Pylon  
  60  6:05  Photon Cannon  
  60  6:23  Zealot  
  60  6:24  Zealot x2  
  66  6:40  Zealot x2  
  48  7:27  Zealot x4  
  48  7:28  Zealot  
  48  7:35  Probe (Chrono Boost)  
  49  7:46  Probe (Chrono Boost)  
  50  7:52  Stalker x4  
  50  7:53  Stalker  
  50  7:56  Protoss Ground Armor Level 1, Probe (Chrono Boost)  
  61  8:06  Twilight Council  
  61  8:07  Probe (Chrono Boost)  
  61  8:09  Robotics Facility  
  61  8:11  Stargate  
  62  8:17  Probe (Chrono Boost)  
  63  8:20  Stalker  
  63  8:21  Stalker x3  
  63  8:22  Zealot  
  73  8:42  Charge  
  73  8:46  Zealot x2  
  73  8:47  Zealot x2  
  73  8:48  Zealot  
  83  9:15  Pylon  
  83  9:17  Pylon  
  83  9:21  Stalker  
  85  9:24  Pylon  
  85  9:27  Pylon  
  85  9:28  Immortal  
  85  9:34  Void Ray  
  93  9:46  Zealot  
  93  9:47  Zealot  
  93  9:48  Zealot  
  93  9:49  Zealot  
  101  10:02  Immortal  
  104  10:17  Void Ray  
  89  10:32  Probe (Chrono Boost)  
  90  10:44  Probe (Chrono Boost)  
  91  10:57  Probe (Chrono Boost)  
  90  11:09  Probe (Chrono Boost)  
  27  11:50  Stalker x2  
Tags
 
Add a new tag
Caveats
  • Supply blocks, unpowered buildings, or Contaminate may cause inaccurate times.
  • Supply counts are checked every 10 seconds.